 Dungeon Crawl Stone Soup version 0.22.1-1-ga44c0e5 (webtiles) character file.

139 HoaS the Skirmisher (level 5, 0/33 HPs)
             Began as a Gargoyle Fighter on Oct 5, 2018.
             Was an Initiate of Okawaru.
             Killed by divine providence
             ... invoked by an orc priest
              (16 damage)
             ... on level 3 of the Dungeon.
             The game lasted 00:08:43 (2348 turns).

HoaS the Skirmisher (Gargoyle Fighter)              Turns: 2348, Time: 00:08:45

Health: 0/33       AC: 11    Str: 20    XL:     5   Next: 22%
Magic:  5/5        EV:  7    Int:  9    God:    Okawaru [......]
Gold:   110        SH: 10    Dex:  9    Spells: 4/4 levels left

rFire    . . .     SeeInvis .     - Unarmed
rCold    . . .     Gourm    .   b - +1 shield
rNeg     + . .     Faith    .   a - +0 scale mail
rPois    ∞         Spirit   .   (no helmet)
rElec    +         Reflect  .   (no cloak)
rCorr    .         Harm     .   (no gloves)
MR       .....                  (no boots)
Stlth    ..........             (no amulet)
HPRegen  0.11/turn              (no ring)
MPRegen  0.09/turn              (no ring)

@: no status effects
A: negative energy resistance 1, electricity resistance, unbreathing,
petrification resistance, rot immunity, AC +4
a: Renounce Religion


You were on level 3 of the Dungeon.
You worshipped Okawaru.
Okawaru was noncommittal.
You were not hungry.

You visited 1 branch of the dungeon, and saw 3 of its levels.

You collected 110 gold pieces.

Inventory:

Armour
 a - a +0 scale mail (worn)
 b - a +1 shield (worn)
Scrolls
 h - a scroll of identify
Potions
 c - a potion of mutation
 e - a potion of curing
Comestibles
 d - 2 rations
 f - 4 chunks of flesh


   Skills:
 * Level 4.1 Fighting
 + Level 3.7 Armour
 + Level 3.8 Shields
 * Level 3.9 Unarmed Combat
 + Level 0.3 Invocations


You had 4 spell levels left.
You didn't know any spells.
Your spell library was empty.

Dungeon Overview and Level Annotations

Branches:
Dungeon (3/15)

Altars:
Fedhas
Okawaru
Vehumet


Innate Abilities, Weirdness & Mutations

You are resistant to torment.
Your stone body is resilient. (AC +4)
You are immune to poison.
You resist negative energy. (rN+)
You are resistant to electric shocks. (rElec)
You can survive without breathing.
You are immune to petrification.
You are immune to rotting.


Message History

You barely miss the orc priest.
The orc priest casts a cantrip, but nothing happens.
You hit the orc priest.
The orc priest is moderately wounded.
The orc priest hits you but does no damage.
You barely miss the orc priest.
The orc priest is moderately wounded.
You block the orc priest's attack.
You closely miss the orc priest.
The orc priest is moderately wounded.
The orc priest hits you but does no damage.
You punch the orc priest!
The orc priest is severely wounded.
The orc priest hits you but does no damage.
You hit the orc priest but do no damage.
The orc priest is severely wounded.
You block the orc priest's attack.
The orc priest mumbles some strange prayers to Beogh against you.
Beogh smites you!
You die...

### ..# #.# #.# .# #.#
.#### #.# .....# #.#
#...)### #@#
######....... #o#
#............ ### #o#
#.....##...
.....#.####....÷##.####
#.>.o...)..............#
#..#########.....##..)..
...............
###.....##.###.
.......##<# #.


You could see 2 orc priests.

Vanquished Creatures
  Natasha (twice) (D:2 D:3)
  An adder (D:2)
  An ooze (D:1)
  A worm (D:2)
  2 dart slugs
  4 leopard geckos
  5 orcs (D:3)
  A ball python (D:1)
  3 giant cockroaches
  4 goblins (D:2)
  6 hobgoblins
  3 jackals (D:2)
  11 kobolds
  2 quokkas
  4 bats
  3 frilled lizards
  6 rats
59 creatures vanquished.

Vanquished Creatures (others)
  2 plants (D:2)
2 creatures vanquished.

Grand Total: 61 creatures vanquished

Notes
Turn   | Place    | Note
-------+----------+-------------------------------------------
     0 | D:1      | HoaS the Gargoyle Fighter began the quest for the Orb.
     0 | D:1      | Reached XP level 1. HP: 14/14 MP: 1/1
   139 | D:1      | Reached XP level 2. HP: 19/19 MP: 2/2
   694 | D:1      | Reached XP level 3. HP: 23/23 MP: 3/3
  1422 | D:2      | Reached XP level 4. HP: 29/29 MP: 4/4
  1490 | D:2      | Noticed Natasha
  1527 | D:2      | Killed Natasha
  1894 | D:2      | Found an iron altar of Okawaru.
  1894 | D:2      | Found a blossoming altar of Fedhas.
  1894 | D:2      | Found a radiant altar of Vehumet.
  2226 | D:2      | Became a worshipper of Warmaster Okawaru
  2283 | D:3      | Reached skill level 4 in Fighting
  2287 | D:3      | Noticed Natasha
  2321 | D:3      | Killed Natasha
  2321 | D:3      | Reached XP level 5. HP: 28/33 MP: 5/5
  2348 | D:3      | Killed from afar by an orc priest

Skill      XL: |  1  2  3  4 |
---------------+-------------+-----
Unarmed Combat | 3 |  3.9
Fighting       | 4 |  4.1
Armour         | |  3.7
Shields        | |  3.8
Invocations    | |  0.3

Action                   |  1- 3 |  4- 6 || total
-------------------------+-------+-------++-------
Melee: Unarmed           |   201 |   122 ||   323
  Use: Scroll            |     4 |     2 ||     6
       Potion            |       |     1 ||     1
  Eat: Chunk             |     2 |     3 ||     5
Armor: Scale mail        |    92 |    31 ||   123
Dodge: Dodged            |    66 |    24 ||    90
Block: Shield            |    95 |    46 ||   141
